Cogmind - Beta 14 @@@ ROGUE MODE // 2024.08.17 @ 19:35:37 Player: Kaeinara Result: Destroyed by Y-45 Defender with Beam Rifle Performance ------------- Evolutions (1) 500 Regions Visited (3) 600 Robots Destroyed (41) 205 Value Destroyed (1085) 1085 Prototype IDs (0) 0 Alien Tech Used (0) 0 Bonus (0) 0 TOTAL SCORE: 2390 Bonus ------- None Cogmind --------- Core Integrity 0/400 Matter 149/300 Energy 52/100 System Corruption 0% Temperature Cool (22) Movement Core (800) Ox15 Location -9/Storage Parts ------- > --- POWER (1) -------- (None) > --- PROPULSION (2) --- (None) > --- UTILITY (3) ------ High-capacity Storage Unit ECM Suite > --- WEAPON (3) ------- Light Assault Rifle Heavy Assault Rifle > --- INVENTORY (20) --- Light Ion Engine Light Ion Engine Light Treads Light Treads Aluminum Leg Compact Wheel Compact Wheel Heat Sink Cooling System Cooling System Small Storage Unit Visual Processing Unit Tractor Beam Datajack Peak State ------------ > --- POWER ------------ Improved Ion Engine > --- PROPULSION ------- Wheel Wheel > --- UTILITY ---------- High-capacity Storage Unit Structural Scanner ECM Suite > --- WEAPON ----------- Small Laser Light Assault Rifle Heavy Assault Rifle > --- INVENTORY -------- Light Ion Engine Light Ion Engine Light Treads Aluminum Leg Compact Wheel Compact Wheel Heat Sink Cooling System Cooling System Small Storage Unit Visual Processing Unit Tractor Beam Light Assault Rifle Light Assault Rifle Heavy Assault Rifle Datajack [Rating: 13] Favorites ----------- Power Ion Engine Engine Ion Engine Propulsion Aluminum Leg Treads Light Treads Leg Aluminum Leg Wheel Wheel Utility High-capacity Storage Unit Device Structural Scanner Storage High-capacity Storage Unit Protection Light Armor Plating Weapon Small Laser Energy Gun Small Laser Ballistic Gun Light Assault Rifle Ballistic Cannon Light Cannon Launcher Grenade Launcher Special Weapon Mining Laser Special Melee Weapon Datajack Build | -11 -10 -9 -9 ------- Run | Yrd Mat Mat Sto Slots Evolved 2 | . . 2 . Power . | . . . . Propulsion . | . . . . Utility 1 | . . 1 . Weapon 1 | . . 1 . Parts Attached 38 | 6 12 16 4 Power 3 | 1 1 1 . Engine 3 | 1 1 1 . Core . | . . . . Reactor . | . . . . Propulsion 11 | 2 4 4 1 Treads 2 | . 2 . . Leg 4 | . 2 2 . Wheel 5 | 2 . 2 1 Hover . | . . . . Flight . | . . . . Utility 9 | 1 4 4 . Device 3 | . . 3 . Storage 4 | 1 3 . . Processor . | . . . . Hackware . | . . . . Protection 2 | . 1 1 . Artifact . | . . . . Weapon 15 | 2 3 7 3 Energy Gun 4 | 1 1 2 . Energy Cannon . | . . . . Ballistic Gun 6 | 1 . 2 3 Ballistic Cannon 1 | . . 1 . Launcher 2 | . 2 . . Special Weapon 1 | . . 1 . Impact Weapon . | . . . . Slashing Weapon . | . . . . Piercing Weapon . | . . . . Special Melee Weapon 1 | . . 1 . Unidentified Prototypes . | . . . . Parts Lost 23 | . 3 11 9 Power 3 | . 1 1 1 Propulsion 7 | . 1 3 3 Utility 3 | . . 2 1 Weapon 10 | . 1 5 4 Highest Loss Streak 8 | . 3 6 8 To Critical Strikes . | . . . . Average Slot Usage (%) 93 | . 98 86 93 Engine 9 | . 13 5 9 Treads 7 | . 14 . . Leg 11 | . 12 14 . Wheel 5 | . . 6 19 Device 8 | . . 13 21 Storage 12 | . 14 11 11 Protection 8 | . 13 3 . Energy Gun 12 | . 12 12 9 Ballistic Gun 9 | . 7 6 22 Launcher 6 | . 8 5 . Special Weapon 1 | . . 2 . Peak Build Rating 13 | 6 8 12 13 Average Rating 8 | 4 7 8 11 On Entrance 6 | . 6 8 12 Naked Turns . | . . . . Heaviest Build 58 | 12 54 58 55 Greatest Support 40 | 20 40 20 20 Greatest Overweight (x) 5 | 1 2 5 2 Average Overweight (x) 1 | . . 2 2 Largest Inventory Capacity 25 | 8 25 20 20 Average Capacity 17 | 6 15 20 20 Most Carried 17 | 6 10 16 17 Average Carried 9 | 3 8 8 16 Final Capacity 20 | 8 20 20 20 Final Carried 16 | 6 10 16 14 Class Distribution -------------------- 57% | Mutant 20% | Infiltrator-Skirmisher 11% | Tank 7% | Skirmisher Dominant Class ---------------- Mutant | -10/Materials Infiltrator-Skirmisher | -9/Materials Infiltrator-Skirmisher | -9/Storage Resources | -11 -10 -9 -9 ----------- Run | Yrd Mat Mat Sto Matter Collected 766 | 260 163 284 59 Remotely . | . . . . Salvage Created 1047 | . 411 414 222 Parts 91 | . 33 41 17 Haulers Intercepted . | . . . . Recyclers Shooed . | . . . . Parts Field Recycled . | . . . . Retrieved Matter . | . . . . Parts Self-Destructed . | . . . . Prevented . | . . . . Kills | -11 -10 -9 -9 ------- Run | Yrd Mat Mat Sto Combat Hostiles Destroyed 32 | . 10 16 6 Guns 22 | . 8 8 6 AOE 10 | . 2 8 . Classes Destroyed 6 | . 3 3 . Worker 3 | . 1 2 . Builder 2 | . . 2 . Watcher 4 | . 2 2 . Swarmer 10 | . . 8 2 Grunt 17 | . 10 5 2 Sentry 5 | . . 3 2 Best Kill Streak 5 | . 4 5 5 Combat Bots Only 5 | . 4 4 5 Max Kills in Single Turn 3 | . 2 3 1 Gunslinging 1 | . . 1 . Exploded 3 | . 1 3 . Melee . | . . . . Uniques/NPCs Destroyed . | . . . . Combat | -11 -10 -9 -9 -------- Run | Yrd Mat Mat Sto Hostile Shots Fired 243 | . 69 99 75 Missed 67 | . 17 26 24 Damage Taken 2525 | . 697 1200 628 Core 525 | . 111 232 182 Absorbed by Shields . | . . . . Core Remaining (%) 77 | 100 55 . . Volleys Fired 115 | . 50 43 22 Largest 3 | . 2 3 3 Hottest 180 | . 80 180 83 Shots Fired 236 | . 92 92 52 Gun 197 | . 86 59 52 Cannon 13 | . . 13 . Launcher 21 | . 6 15 . Special 5 | . . 5 . Kinetic 122 | . 40 39 43 Thermal 93 | . 46 38 9 Explosive 21 | . 6 15 . Electromagnetic . | . . . . Robot Hit Streak 13 | . 7 9 13 Robot Miss Streak 7 | . 4 7 4 Penetration Max . | . . . . Secondary Targets 3 | . . 2 1 Max Gunslinging Chain 1 | . . 1 1 Shots Hit Robots 137 | . 55 46 36 Core Hits 64 | . 28 26 10 Critical Kills 1 | . 1 . . Critical Parts Destroyed . | . . . . Critical Strikes 1 | . 1 . . Destroy 1 | . 1 . . Melee Attacks . | . . . . Impact . | . . . . Slashing . | . . . . Piercing . | . . . . Sneak Attacks . | . . . . Combat Hostiles . | . . . . Follow-up Attacks . | . . . . Damage Inflicted 2535 | . 799 1305 431 Guns 1311 | . 516 364 431 Cannons 142 | . . 142 . Explosions 1082 | . 283 799 . Melee . | . . . . Ramming . | . . . . Kinetic 922 | . 227 320 375 Thermal 531 | . 289 186 56 Explosive 1082 | . 283 799 . Electromagnetic . | . . . . Impact . | . . . . Slashing . | . . . . Piercing . | . . . . Highest Corruption 2 | . 2 . . Average Corruption 2 | . 2 . . Corruption Purged . | . . . . Corruption Blocked . | . . . . Effects 11 | . 11 . . Message Errors 2 | . 2 . . Matter Fused 1 | . 1 . . Heat Flow Errors 2 | . 2 . . Energy Discharges 1 | . 1 . . Data Loss (minor) 2 | . 2 . . Data Loss (major) 1 | . 1 . . Alerts 2 | . 2 . . Overload Shots . | . . . . Overflow Damage 45 | . . 45 . Projectiles 4 | . . 4 . Explosions 41 | . . 41 . Melee . | . . . . Knockbacks . | . . . . Impact . | . . . . Kinetic . | . . . . Secondary . | . . . . Self-Inflicted Damage 275 | . . 275 . Shots 8 | . . 8 . Rammed . | . . . . Targets Rammed . | . . . . Kicked . | . . . . Crushed . | . . . . Highest Temperature 304 | . 304 116 87 Average Temperature 76 | . 109 34 24 Received Heat Transfer 804 | . 417 195 192 Siege Activations . | . . . . Robots Corrupted . | . . . . Combat Hostiles . | . . . . Parts Fried . | . . . . Impact Corruptions . | . . . . Robots Melted . | . . . . Combat Hostiles . | . . . . Parts Melted 4 | . . 3 1 Heat Transferred 1200 | . 650 425 125 Parts Sabotaged . | . . . . Parts Stolen . | . . . . Parts Stripped . | . . . . Power Chain Reactions . | . . . . Alert | -11 -10 -9 -9 ------- Run | Yrd Mat Mat Sto Peak Influence 314 | . 162 314 167 Initial 87 | . . 25 87 Average 122 | . 71 191 114 Maximum Alert Level 1 | . . 1 . Low Security (%) 83 | 100 100 57 100 Level 1 16 | . . 42 . Level 2 . | . . . . Level 3 . | . . . . Level 4 . | . . . . Level 5 . | . . . . High Security . | . . . . Max Security . | . . . . Squads Dispatched 3 | . 3 . . Investigation 1 | . 1 . . Extermination . | . . . . Reinforcement 2 | . 2 . . Assault . | . . . . Garrison . | . . . . Intercept . | . . . . Searches Triggered . | . . . . Construction Impeded . | . . . . Haulers Reinforced . | . . . . Active Scanning Responses . | . . . . Cargo Convoy Interrupts . | . . . . Stealth | -11 -10 -9 -9 --------- Run | Yrd Mat Mat Sto Distress Signals 2 | . 2 . . Communications Jammed . | . . . . Distress Signals . | . . . . Times Spotted 55 | . 18 25 12 Peak Tracking Total 8 | . 5 5 8 Tactical Retreats 5 | . . 3 2 Traps | -11 -10 -9 -9 ------- Run | Yrd Mat Mat Sto Traps Triggered 5 | . 3 . 2 Indirectly . | . . . . Trap Hack Attempts . | . . . . Triggered . | . . . . Disarmed . | . . . . Reprogrammed . | . . . . Reused . | . . . . Traps Extracted . | . . . . Installed . | . . . . Triggered . | . . . . Machines | -11 -10 -9 -9 ---------- Run | Yrd Mat Mat Sto Machines Disabled 4 | . 2 2 . Max in Single Turn 2 | . 2 1 . Machines Repaired . | . . . . Machines Dismantled . | . . . . Machines Sabotaged . | . . . . Overloaded Fab Kills . | . . . . Hacking | -11 -10 -9 -9 --------- Run | Yrd Mat Mat Sto Machines Accessed 4 | . 2 2 . Terminals 4 | . 2 2 . Fabricators . | . . . . Repair Stations . | . . . . Recycling Units . | . . . . Scanalyzers . | . . . . Garrison Access . | . . . . Total Hacks 5 | . 3 2 . Successful 5 | . 3 2 . Failed . | . . . . Catastrophic . | . . . . Database Lockouts . | . . . . Manual . | . . . . Terminals 5 | . 3 2 . Fabricators . | . . . . Repair Stations . | . . . . Recycling Units . | . . . . Scanalyzers . | . . . . Garrison Access . | . . . . Terminal Hacks 5 | . 3 2 . Record 2 | . 2 . . Alert Level 1 | . . 1 . Transport Status 1 | . . 1 . Investigation Status 1 | . 1 . . Fabricator Hacks . | . . . . Repair Station Hacks . | . . . . Recycling Unit Hacks . | . . . . Scanalyzer . | . . . . Garrison Access Hacks . | . . . . Unauthorized Hacks . | . . . . Terminals . | . . . . Fabricators . | . . . . Repair Stations . | . . . . Recycling Units . | . . . . Scanalyzers . | . . . . Garrison Access . | . . . . Data Cores Recovered . | . . . . Used . | . . . . Hacking Detections 1 | . 1 . . Full Trace Events . | . . . . Feedback Events . | . . . . Feedback Blocked . | . . . . Robot Schematics Acquired . | . . . . Robots Built . | . . . . Authchips . | . . . . Time . | . . . . Total Robot Build Rating . | . . . . Part Schematics Acquired . | . . . . Parts Built . | . . . . Authchips . | . . . . Time . | . . . . Total Part Build Rating . | . . . . Parts Repaired . | . . . . Time . | . . . . Parts Recycled . | . . . . Recycled Matter . | . . . . Retrieved Matter . | . . . . Retrieved Components . | . . . . Parts Scanalyzed . | . . . . Part Schematics Acquired . | . . . . Parts Damaged . | . . . . Bothacking | -11 -10 -9 -9 ------------ Run | Yrd Mat Mat Sto Used RIF Installer . | . . . . Robots Hacked . | . . . . Non-combat . | . . . . Combat . | . . . . Robot Hacks Applied . | . . . . Relay Couplers Released . | . . . . Fabnet Peak Effective % . | . . . . Robots Rewired . | . . . . Allies Hacked . | . . . . Hacks Repelled . | . . . . Allies | -11 -10 -9 -9 -------- Run | Yrd Mat Mat Sto Total Allies . | . . . . Largest Group . | . . . . Highest-Rated Group . | . . . . Highest-Rated Ally . | . . . . Total Orders . | . . . . Ally Attacks . | . . . . Total Damage . | . . . . Kills . | . . . . Allies Corrupted . | . . . . Allies Melted . | . . . . Intel | -11 -10 -9 -9 ------- Run | Yrd Mat Mat Sto Robot Analysis Total . | . . . . Derelict Logs Recovered . | . . . . Drone Launches . | . . . . Drone Recoveries . | . . . . Exploration | -11 -10 -9 -9 ------------- Run | Yrd Mat Mat Sto Turns Passed 2192 | 58 1011 867 256 Spaces Moved 970 | 50 400 369 151 Core 8 | 8 . . . Treads 226 | . 226 . . Legs 347 | . 160 187 . Wheels 389 | 42 14 182 151 Hover . | . . . . Flight . | . . . . Fastest Speed 50 | 50 80 110 110 Average Speed 179 | 81 209 188 110 Slowest Speed 470 | 100 260 470 110 Overloaded Moves . | . . . . Propulsion Burnouts . | . . . . Robots Hopped . | . . . . Cave-ins Triggered . | . . . . Exploration Rate (%) 38 | 4 76 41 31 Regions Visited 3 Branch Regions 1 Pre-discovered Areas . | . . . . Known Exits Taken . | . . . . Unknown Exits Taken 3 | 1 1 1 . Scrap Searched . | . . . . Spaces Dug 3 | . . 3 . Terrain Destroyed 103 | . 24 79 . Melee . | . . . . Projectile 4 | . . 4 . AOE 99 | . 24 75 . Terrain Rammed . | . . . . Walls Destroyed . | . . . . Machines Disabled . | . . . . Actions | -11 -10 -9 -9 --------- Run | Yrd Mat Mat Sto Total 1209 | 67 488 452 202 Wait 28 | . 15 6 7 Move 967 | 49 399 368 151 Hop . | . . . . Pick Up 43 | 12 10 19 2 Fast Attach . | . . . . Attach 27 | 6 4 13 4 Detach . | . . . . Swap 11 | . 8 3 . Drop 2 | . 2 . . Fire 115 | . 50 43 22 Melee . | . . . . Ram . | . . . . Kick . | . . . . Crush . | . . . . Escape Stasis 16 | . . . 16 Rewire . | . . . . Trap . | . . . . Miscellaneous . | . . . . Route ------- -11/Scrapyard -10/Materials (discovered 4 exits: *Mat x2 / [*Min x2]) -9/Materials (discovered 2 exits: [*Min] / *Sto) -9/Storage History --------- Turn | Location | Event 2 | -11/Scrapyard | Met Revision 17 23 | -11/Scrapyard | Discovered new exit (range 15) 59 | -11/Scrapyard | Entered Materials 104 | -10/Materials | Discovered new exit (range 15) 247 | -10/Materials | Discovered new exit (range 14) 314 | -10/Materials | Build established: Mutant 648 | -10/Materials | Lost 3 parts (1p1n1w) 800 | -10/Materials | Discovered new exit (range 10) 932 | -10/Materials | Discovered new exit (range 12) 1070 | -10/Materials | Entered another Materials area 1070 | -9/Materials | Evolved 2 slots: Utility x1, Weapon x1 1300 | -9/Materials | Lost 6 parts (1p2n1u2w) 1314 | -9/Materials | Discovered new exit (range 11) 1647 | -9/Materials | Discovered new exit (range 12) 1678 | -9/Materials | Lost 4 parts (1n1u2w) 1758 | -9/Materials | Core integrity fell below 50% 1937 | -9/Materials | Entered Storage 2069 | -9/Storage | Build established: Infiltrator-Skirmisher 2183 | -9/Storage | Core integrity fell below 20% 2193 | -9/Storage | Destroyed by Y-45 Defender with Beam Rifle Last Messages --------------- 02157_ G-34 Mercenary destroyed. 02159_ Imp. Ion Engine destroyed. 02162_ Hvy. Assault Rifle destroyed. 02165_ Wheel destroyed. 02165_ R-06 Scavenger collects Flight Unit. 02167_ R-06 Scavenger collects Sml. Laser. 02173_ R-06 Scavenger collects Aluminum Leg. 02174_ S-10 Pest destroyed. 02174_ R-06 Scavenger collects Lgt. Ion Engine. 02175_ Wheel destroyed. 02176_ R-06 Scavenger collects Ion Engine. 02177_ Y-45 Defender destroyed. 02177_ R-06 Scavenger collects Flight Unit. 02179_ R-06 Scavenger collects Lgt. Treads. 02180_ R-06 Scavenger collects Flight Unit. [Achievement: Crack Shot] 02185_ Lgt. Assault Rifle destroyed. 02188_ Structural Scanner destroyed. 02188_ G-34 Mercenary destroyed. 02191_ Critical hit (Burn: +37). Map ----- +----------------------------------------------------+ | ????????????????????????????????????????????????? | | ????????????????????????????????????????????????? | | ????????????????????????????????????????????????? | | ????????????????????????????????????????????????? | | ????????????????????????????????????????????????? | | ????????????????????????????????????????????????? | | ????????????????????????????????????????????????? | | ????????????????????????????????????????????????? | | ????????????????????????????????????????????????? | | ????????????????????????????????????????????????? | | ????????????????????????????????????????????????? | | ????????????????????????????? ##????????????????? | | ????????????????????????????? ##????????????????? | | ????????????????????????????? ##????????????????? | | ????????????????????????????" ##????????????????? | | ????????????????????## ????" ###########???????? | | ????????????????????## """" ###########???????? | | ????????????????????## ## ##???????? | | ????????????????????######Y##### ##???????? | | ??????????????###???#####[% + ##???????? | | ??????????????########### %##### ##???????? | | ??????????????## ########sY##### ##???????? | | ??????????????## # ##?## ##???????? | | ???????????????? """ # ##?## ##???????? | | ??????????????## """ !# ##?## ##???????? | | # ###### """ #@ ##?## ##???????? | | ################ =+% ##?## ####?????? | | # # """ [#[ ##### ####?????? | | """" # """"" # """ # ##########+##T#"?????? | | "??" # """"" # """ # "?????? | | ???" # """"" # # "?????? | | ??"" # ##" ""######### ######"?????? | | ?"" # ##"R""######### #######?????? | | "" # "T ##"""??######## ##??????????? | | # [ ########"""### ##########??? | | +#########+######T######"Y"### ##########??? | | ^ ##??? | | ^ ##### ##??? | | ^ ##### ##??? | | #####################################?## ##??? | | #####################################?########??? | | ??????????????????????????????????????########??? | | ????????????????????????????????????????????????? | | ????????????????????????????????????????????????? | | | | | | | | | | | | | +----------------------------------------------------+ Best States ------------- Heat Dissipation 28 Energy Generation 12 Energy Capacity 265 Matter Stores 300 Matter Capacity 300 Sight Range 16 Terrain Scan Density 10 ECM Strength 1 Armor Coverage 150 Evasion (%) 44 Recoil Reduction 2 Item Schematics ----------------- None Robot Schematics ------------------ None Fabricated ------------ Nothing Alien Tech Used ----------------- None Achievements -------------- Crack Shot Challenges ------------ None Game ------ Seed DynamicInertialComputer Manual? 0 Play Time 00:26:04 Cumulative 2.5 hours Start 2024.08.17 @ 19:10:55 End 2024.08.17 @ 19:35:37 Sessions 1 Manual Loads 0 Difficulty Rogue Special Mode None Game No. 4 Rogue 4 Adventurer 0 Explorer 0 Win Type - Total 0 Types 0/0/0/0/0/0/0/0/0 Lore% 0 Gallery% 3 Achievement% 5 Wizard Run 0 Options --------- Layout 1 ASCII 0 Keyboard 0 Movement Mouse Keybinds 0 Fullscreen 2 Font 24/Smallcaps Map View 50x35 Zoom Use 0% Tactical HUD 1 Map Filters NONE Filters NONE Steam 1 RUN: cdf76beb-2f0c-44b5-b6e1-d31e38045559